 Dungeon Crawl Stone Soup version 0.19.1 (webtiles) character file.

226 Host24 the Skirmisher (level 6, -3/41 HPs)
             Began as a Kobold Hunter on Dec 29, 2016.
             Slain by an orc
             ... wielding a +0 morningstar
              (6 damage)
             ... on level 3 of the Dungeon.
             The game lasted 00:10:19 (3759 turns).

Host24 the Skirmisher (Kobold Hunter)               Turns: 3759, Time: 00:10:20

Health: -3/41      AC:  3    Str: 10    XL:     6   Next: 21%
Magic:  6/6        EV: 18    Int: 12    God:
Gold:   73         SH:  0    Dex: 17    Spells: 0 memorised, 5 levels left

rFire  . . .     SeeInvis .     a - +1 hand crossbow
rCold  . . .     Gourm    .     c - +0 leather armour
rNeg   . . .     Faith    .     (shield restricted)
rPois  .         Spirit   .     (no helmet)
rElec  .         Reflect  .     (no cloak)
rCorr  .         Harm     .     (no gloves)
MR     .....                    (no boots)
Stlth  ++........               D - amulet of rage
                                (no ring)
                                t - +3 ring of evasion

@: no status effects
A: carnivore 3
a: Evoke Berserk Rage


You were on level 3 of the Dungeon.
You were very full.

You visited 1 branch of the dungeon, and saw 3 of its levels.
You also visited: Sewer.

You collected 73 gold pieces.

Inventory:

Hand Weapons
 a - a +1 hand crossbow (weapon)
 b - a +0 short sword
 q - a cursed -3 whip
 v - a +0 hunting sling
Missiles
 d - 34 bolts (quivered)
 e - 141 stones
 i - 25 poisoned needles
 u - 27 sling bullets
 w - 8 arrows
Armour
 c - a +0 leather armour (worn)
 g - a +1 scale mail of positive energy
 m - a +0 robe of magic resistance
Jewellery
 k - an uncursed amulet of magic regeneration
 t - a +3 ring of evasion (left hand)
 D - an amulet of rage (around neck)
Scrolls
 h - 2 scrolls of remove curse
 l - a scroll of enchant armour {unknown}
 r - a scroll of fear {unknown}
 s - a scroll of magic mapping
 y - a scroll of fog {unknown}
 E - a scroll of identify
Potions
 j - 2 potions of curing {unknown}
 o - 2 potions of might {unknown}
 p - a potion of mutation {unknown}
 x - a potion of degeneration {unknown}
 z - a potion of lignification {unknown}
 A - 2 potions of heal wounds {unknown}
 B - 2 potions of magic
 C - a potion of brilliance {unknown}
Comestibles
 f - 3 meat rations
 n - 2 slices of pizza


   Skills:
 + Level 6.3 Fighting
 - Level 5.0 Crossbows
 - Level 3.1 Dodging
 - Level 1.3 Stealth


You had 5 spell levels left.
You didn't know any spells.

Dungeon Overview and Level Annotations

Branches:
Dungeon (3/15)

Altars:
Xom


Innate Abilities, Weirdness & Mutations

You are small and have problems with some larger weapons.
You are carnivorous and can eat meat at any time.


Message History

You closely miss something.
Wield which item (- for none, * to show all)? (? for menu, Esc to quit)
a - a +1 hand crossbow (weapon)
Something hits you!
Firing (i - inventory. (,) - cycle):
d - 36 bolts (quivered)
Press: ? - help, Shift-Dir - straight line, f - orc
Aim: an orc, wielding a morningstar and wearing a shiny ring mail (severely wounded)
You shoot a bolt. The bolt completely misses the orc.
The bolt closely misses the giant cockroach.
Something hits you!
* * * LOW HITPOINT WARNING * * *
Firing (i - inventory. (,) - cycle):
d - 35 bolts (quivered)
Press: ? - help, Shift-Dir - straight line, f/p - orc
Aim: an orc, wielding a morningstar and wearing a shiny ring mail (heavily wounded)
You shoot a bolt.
Reactivating autopickup.
You feel a bit more experienced.
It was a potion of magic.
Magic courses through your body. The orc hits you with a morningstar.
You die...

.# #.#,,,,*,*,..s,,* .#
#.#*****,,,..,,.* .# #.#
*,##b##.,# .####.#
*,#....,.# ......#
**#..##..##***
.###..########........,,*
)# #...........o.....#*,*
.# #.#####.....####..##.*
.###...# #.####.@os....(*
...†.#.###)# #.####....*
####.#...#.####.####....*
.# #.#...#.............,*
.# #.#.....###.##.....,**
.# #.#.....'.........#,*
.# #.#.....###.#.....#,*
.# #...........#.....#**
.###.................#


You could see an orc and a giant cockroach.

Vanquished Creatures
  Jessica (D:2)
  Natasha (D:3)
  Terence (D:3)
  5 adders
  An ooze (D:2)
  3 worms
  A dart slug (D:1)
  5 leopard geckos
  3 orcs (D:3)
  8 bats
  6 giant cockroaches
  3 goblins
  5 hobgoblins
  7 jackals (Sewer)
  13 kobolds
  A quokka (D:3)
  7 ball pythons
  6 frilled lizards
  10 rats
  4 plants (Sewer)
91 creatures vanquished.

Vanquished Creatures (others)
  A plant (Sewer)
1 creature vanquished.

Grand Total: 92 creatures vanquished

Notes
Turn   | Place    | Note
-------+----------+-------------------------------------------
     0 | D:1      | Host24 the Kobold Hunter began the quest for the Orb.
     0 | D:1      | Reached XP level 1. HP: 12/12 MP: 1/1
   157 | D:1      | Reached XP level 2. HP: 15/18 MP: 2/2
   166 | D:1      | Reached skill level 3 in Fighting
   350 | D:1      | Reached XP level 3. HP: 21/23 MP: 3/3
   582 | D:1      | Reached skill level 5 in Crossbows
   733 | D:2      | Noticed Jessica
   736 | D:2      | Killed Jessica
   736 | D:2      | Reached skill level 4 in Fighting
   736 | D:2      | Reached XP level 4. HP: 28/29 MP: 4/4
  1197 | D:2      | Found a shimmering altar of Xom.
  1199 | D:2      | Found a basalt altar of Yredelemnul.
  1199 | D:2      | Found a sparkling altar of Nemelex Xobeh.
  1201 | D:2      | Found a shattered altar of Ashenzari.
  1201 | D:2      | Found an ancient bone altar of Kikubaaqudgha.
  1201 | D:2      | Found a sacrificial altar of Ru.
  1502 | D:3      | Reached XP level 5. HP: 19/34 MP: 5/5
  1681 | D:3      | Noticed Natasha
  1692 | D:3      | Killed Natasha
  1692 | D:3      | Reached skill level 5 in Fighting
  1713 | D:3      | Found a glowing drain.
  1829 | Sewer    | Entered a sewer
  3392 | Sewer    | Reached XP level 6. HP: 36/41 MP: 6/6
  3631 | D:3      | Noticed Terence
  3652 | D:3      | Killed Terence
  3652 | D:3      | Reached skill level 6 in Fighting
  3759 | D:3      | Slain by an orc

Skill      XL: |  1  2  3  4  5  6 |
---------------+-------------------+-----
Fighting       | 3 4 5 6 |  6.3
Dodging        | 3 |  3.1
Crossbows      | 5 |  5.0
Stealth        | |  1.3

Action                   |  1- 3 |  4- 6 || total
-------------------------+-------+-------++-------
Melee: Short sword       |    81 |   602 ||   683
 Fire: Hand crossbow     |     4 |    48 ||    52
  Use: Scroll            |       |     4 ||     4
       Potion            |       |     1 ||     1
 Stab: Sleeping          |     4 |     3 ||     7
  Eat: Chunk             |     8 |    11 ||    19
Armor: Leather armour    |    23 |    37 ||    60
Dodge: Dodged            |    81 |   248 ||   329
